 Dungeon Sprint DCSS version 0.27.1-33-g824d729ab1 (webtiles) character file.

Game seed: 221627037742174470

7643 Adenis the Fencer (level 10, -14/99 HPs)
             Began as a Minotaur Berserker on Dec 4, 2021.
             Was the Champion of Trog.
             Demolished by a lorocyproca (27 damage)
             ... in the Dungeon (Sprint I: "Red Sonja").
             The game lasted 00:10:49 (3228 turns).

Adenis the Fencer (Minotaur Berserker)              Turns: 3228, Time: 00:10:49

Health: -14/99     AC: 10    Str: 32    XL:     10   Next: 99%
Magic:  1/18       EV: 15    Int:  5    God:    Trog [******]
Gold:   478        SH:  0    Dex: 10    Spells: 9/9 levels left

rFire    . . .     SeeInvis .   t - +4 great sword (vorpal)
rCold    . . .     Faith    .   (shield currently unavailable)
rNeg     . . .     Spirit   .   n - +0 troll leather armour
rPois    .         Reflect  .   (helmet restricted)
rElec    .         Harm     .   (no cloak)
rCorr    .         Rampage  .   (no gloves)
Will     .....     NoTele   +   (no boots)
Stlth    ++........             (no amulet)
HPRegen  1.26/turn              y - ring of Asoug {Will- MP+9 Str+7 Int+3 Slay+3}
MPRegen  0.16/turn              z - +4 ring of protection

@: no status effects
A: horns 2, retaliatory headbutt, dopey 1, frail 1
a: Renounce Religion, Berserk, Trog's Hand, Brothers in Arms


You were in the Dungeon.
You worshipped Trog.
Trog was exalted by your worship.
You visited 1 branch You collected 1507 gold pieces.
You spent 1029 gold pieces at shops.

Inventory:

Hand Weapons
 a - a +0 falchion
 p - a +4 scimitar of flaming
 s - a +3 antimagic triple sword
 t - a +4 vorpal great sword (weapon)
 v - the +9 staff of Olgreb {rPois∞}
   (You found it in the Dungeon)

   If the wielder is skilled in Evocations, they can envenom those struck by it,
   dealing poison damage which bypasses armour.
   It enhances your poison magic.
   It grants immunity to poison.
   It can be evoked to radiate toxic energy, with effectiveness depending on
   Evocations skill.
   Trog disapproves of the use of such an item.
 x - a +6 dire flail
Armour
 b - a +0 animal skin
 k - a +0 ring mail
 n - a +0 troll leather armour (worn)
 w - a +4 chain mail of cold resistance
Jewellery
 y - the ring of Asoug (left hand) {Will- MP+9 Str+7 Int+3 Slay+3}
   (You bought it in a shop in the Dungeon)

   [ring of magical power]

   Str:       It affects your strength (+7).
   Int:       It affects your intelligence (+3).
   Slay:      It affects your accuracy & damage with ranged weapons and melee
   (+3).
   MP:        It affects your magic capacity (+9).
   Will:      It decreases your willpower.
 z - a +4 ring of protection (right hand)
Wands
 i - a wand of polymorph (5)
 m - a wand of digging (4)
Scrolls
 h - 2 scrolls of blinking
 o - a scroll of immolation {unknown}
 r - a scroll of magic mapping {unknown}
Potions
 c - 4 potions of curing
 d - a potion of heal wounds
 e - 2 potions of haste
 f - 2 potions of magic
 g - a potion of berserk rage
 j - a potion of might
 l - a potion of mutation {unknown}
 q - 2 potions of degeneration {unknown}
 u - a potion of flight {unknown}


   Skills:
 + Level 16.9 Fighting
 + Level 17.3 Long Blades
 + Level 13.8 Armour
 + Level 10.4 Dodging
 + Level 5.3 Stealth
 + Level 3.7 Unarmed Combat


You had 9 spell levels left.
You didn't know any spells.
Your spell library was empty.

Dungeon Overview and Level Annotations

Branches:
Dungeon (1/1)

Altars:
Cheibriados
Dithmenos
Elyvilon
Fedhas
Gozag
Hepliaklqana
Kikubaaqudgha
Makhleb
Nemelex Xobeh
Okawaru
Qazlal
Ru
Sif Muna
Trog
Uskayaw
Vehumet
Wu Jian
Xom
Yredelemnul
Zin
The Shining One
Jiyva
Lugonu

Shops:
D ==[[(?*=:=(?[*![=


Innate Abilities, Weirdness & Mutations

You have a pair of horns on your head.
You reflexively headbutt those who attack you in melee.
You are dopey. (Int -2)
You are frail. (-10% HP)


Message History

You are engulfed in noxious fumes.
You choke on the stench!
You are confused.
You're too confused to move!
You are engulfed in noxious fumes.
You're standing in a cloud of noxious fumes!
You are engulfed in noxious fumes.
You feel less confused.
You open the door.
A meliai comes into view. It is wielding a +0 hand axe.
You are engulfed in noxious fumes.
You choke on the stench!
You are confused.
Found 162 gold pieces.
You feel less confused.
The meliai buzzes angrily.
You hear a chilling moan.
There is an open door here.
Press: ? - help, v - describe, . - travel
Here: a meliai, wielding a +0 hand axe and wearing a +0 leather armour (fire blocked by an iron grate)
The floor.
Something hits you!!
You feel your power leaking away.
Deactivating autopickup; reactivate with Ctrl-A.
Something hits you!
You feel your power leaking away. Something hits you!!
The meliai calls down the wrath of its god upon you.
Something smites you!
You open the large door. Something hits you!!
* * * LOW HITPOINT WARNING * * *
Found 412 gold pieces.
Found 108 gold pieces.
The meliai calls down the wrath of its god upon you.
Something smites you!
* * * LOW HITPOINT WARNING * * *
There is a large open door here.
Found 27 gold pieces.
Found 54 gold pieces.
Something hits you but does no damage.
Okay, then.
You start resting.
A meliai is nearby!
Something hits you!!
You die...

.'..#)..##'#§####
_####...'.§#§# ###
##§.#####.§§§#+#$###
§§)§#..##°####^.$#y#
§≈)§'..#..○○.#..$###
§§..#..#^○.○.'.○$$$#
+#####'###.○°#^.○..#
.([###.'.#○○.###''##
)###.###.#^.###.@##
...'(∩##§#^^# ##$$#
########.##'# #$$#
...§§§##§##.#


$$$$° ...§§..§§#### $$$$$$ ..######§# $$$$$### .....§§#§# $$$### ...§§§#§§#
##### ....§§#### You could see a meliai.

Vanquished Creatures
  2 centaur warriors (D)
  Sonja (D)
  A deep troll (D)
  A lindwurm (D)
  An oklob plant (D)
  A gargoyle (D)
  2 unseen horrors (D)
  2 kobold demonologists (D)
  4 demonic crawlers (D)
  A hornet (D)
  A slime creature (D)
  2 redbacks (D)
  Sigmund (D)
  A yak (D)
  2 floating eyes (D)
  7 necrophages (D)
  An ogre (D)
  8 jellies (D)
  Ijyb (D)
40 creatures vanquished.

Vanquished Creatures (others)
  A gargoyle (D)
  2 ballistomycete spores (D)
3 creatures vanquished.

Grand Total: 43 creatures vanquished

Notes
Turn   | Place    | Note
-------+----------+-------------------------------------------
     0 | D        | Adenis the Minotaur Berserker began the quest for the Orb.
     0 | D        | Reached XP level 1. HP: 19/19 MP: 0/0
     2 | D        | Noticed Ijyb
    11 | D        | Killed Ijyb
    12 | D        | Reached skill level 5 in Fighting
    12 | D        | Reached skill level 5 in Long Blades
    12 | D        | Reached XP level 2. HP: 28/29 MP: 1/1
   217 | D        | Noticed an ogre
   221 | D        | Killed an ogre
   222 | D        | Reached skill level 7 in Long Blades
   222 | D        | Reached skill level 1 in Unarmed Combat
   222 | D        | Reached XP level 3. HP: 40/40 MP: 2/2
   222 | D        | Reached XP level 4. HP: 48/48 MP: 3/3
   282 | D        | Noticed Sigmund
   303 | D        | Killed Sigmund
   303 | D        | Reached ** piety under Trog
   304 | D        | Reached skill level 9 in Long Blades
   304 | D        | Reached skill level 5 in Armour
   304 | D        | Reached XP level 5. HP: 17/57 MP: 4/4
   617 | D        | Found a burning altar of Makhleb.
   617 | D        | Found a viscous altar of Jiyva.
   617 | D        | Found a shimmering altar of Xom.
   617 | D        | Found a corrupted altar of Lugonu.
   617 | D        | Noticed a slime creature
   622 | D        | Killed a slime creature
   623 | D        | Reached skill level 10 in Fighting
   623 | D        | Reached skill level 10 in Long Blades
   623 | D        | Reached skill level 5 in Dodging
   623 | D        | Reached XP level 6. HP: 67/67 MP: 5/5
   623 | D        | Found an ornate altar of the Wu Jian Council.
   623 | D        | Found a shimmering blue altar of Sif Muna.
   630 | D        | Reached skill level 11 in Long Blades
   630 | D        | Reached skill level 1 in Stealth
   685 | D        | Found a radiant altar of Vehumet.
   710 | D        | Found Vuuf's Jewellery Emporium.
   710 | D        | Found an ancient bone altar of Kikubaaqudgha.
   710 | D        | Found a hazy altar of Hepliaklqana.
   710 | D        | Found a stormy altar of Qazlal.
   710 | D        | Found a hide-covered altar of Uskayaw.
   710 | D        | Found a blossoming altar of Fedhas.
   710 | D        | Found a bloodstained altar of Trog.
   710 | D        | Found an iron altar of Okawaru.
   710 | D        | Found a basalt altar of Yredelemnul.
   710 | D        | Found a glowing golden altar of the Shining One.
   710 | D        | Found a snail-covered altar of Cheibriados.
   710 | D        | Found a sacrificial altar of Ru.
   710 | D        | Found a glowing silver altar of Zin.
   710 | D        | Found a shadowy altar of Dithmenos.
   710 | D        | Found a white marble altar of Elyvilon.
   710 | D        | Noticed a yak
   713 | D        | Killed a yak
   713 | D        | Reached *** piety under Trog
   714 | D        | Reached XP level 7. HP: 74/74 MP: 6/6
   714 | D        | Found an opulent altar of Gozag.
   742 | D        | Found a sparkling altar of Nemelex Xobeh.
   823 | D        | Noticed a kobold demonologist
   823 | D        | Noticed a kobold demonologist
   825 | D        | Noticed a neqoxec
   828 | D        | Noticed a chaos spawn
   828 | D        | Noticed a chaos spawn
   829 | D        | Noticed a neqoxec
   830 | D        | Reached skill level 12 in Long Blades
   831 | D        | Gained mutation: You are frail. (-10% HP) [a neqoxec]
   833 | D        | Noticed a red devil
   836 | D        | Killed a kobold demonologist
   837 | D        | Gained mutation: You are dopey. (Int -2) [a neqoxec]
   842 | D        | Killed a kobold demonologist
   842 | D        | Reached **** piety under Trog
   843 | D        | Reached skill level 13 in Long Blades
   843 | D        | Reached XP level 8. HP: 75/76 MP: 2/7
  1082 | D        | Noticed a centaur warrior
  1082 | D        | Noticed a centaur warrior
  1096 | D        | Noticed a deep troll
  1107 | D        | Killed a deep troll
  1108 | D        | Reached skill level 14 in Long Blades
  1108 | D        | Reached skill level 10 in Armour
  1137 | D        | Found Muiceyhei's Armour Emporium.
  1299 | D        | Killed a gargoyle
  1388 | D        | Noticed Sonja
  1394 | D        | Killed Sonja
  1395 | D        | Reached XP level 9. HP: 85/85 MP: 8/8
  1561 | D        | Found Xuymytsoma's Jewellery Boutique.
  1677 | D        | Noticed a demonic crawler
  1677 | D        | Noticed a demonic crawler
  1677 | D        | Noticed a demonic crawler
  1677 | D        | Noticed a demonic crawler
  1687 | D        | Killed a demonic crawler
  1687 | D        | Reached ***** piety under Trog
  1688 | D        | Reached skill level 15 in Long Blades
  1693 | D        | Killed a demonic crawler
  1694 | D        | Killed a demonic crawler
  1694 | D        | Received a gift from Trog
  1700 | D        | HP: 4/129 [demonic crawler (7)]
  1703 | D        | Killed a demonic crawler
  1894 | D        | Noticed a gargoyle
  1931 | D        | Killed a centaur warrior
  1932 | D        | Reached skill level 15 in Fighting
  1932 | D        | Reached XP level 10. HP: 55/94 MP: 9/9
  1938 | D        | Killed a centaur warrior
  1939 | D        | Reached skill level 16 in Long Blades
  1996 | D        | Paralysed by a hornet for 2 turns
  2035 | D        | Noticed an oklob plant
  2042 | D        | Killed an oklob plant
  2277 | D        | Received a gift from Trog
  2509 | D        | Reached ****** piety under Trog
  2510 | D        | Reached skill level 5 in Stealth
  2511 | D        | Received a gift from Trog
  2520 | D        | Found Ciastrer's Armour Shoppe.
  2520 | D        | Found the +9 staff of Olgreb {rPois∞}
  2521 | D        | Found Ipniex's Armour Shop.
  2521 | D        | Found Lobaphuj's Weapon Boutique.
  2523 | D        | Found Plog's Assorted Antiques.
  2523 | D        | Found Ehaits's Distillery.
  2524 | D        | Found Ytsol's Jewellery Emporium.
  2528 | D        | Reached skill level 17 in Long Blades
  2537 | D        | Reached skill level 10 in Dodging
  2538 | D        | Received a gift from Trog
  2566 | D        | Found Poolim's Magic Scroll Emporium.
  2566 | D        | Found Zirria's General Store.
  2566 | D        | Found Yrremata's Jewellery Shoppe.
  2566 | D        | Found Hisk's Book Boutique.
  2566 | D        | Found Ucymerch's Jewellery Emporium.
  2566 | D        | Found Xojeofor's Weapon Shop.
  2566 | D        | Found Bapuggik's Magic Scroll Shoppe.
  2570 | D        | Found Yfihen's Armour Boutique.
  2571 | D        | Bought a scroll of blinking for 105 gold pieces
  2581 | D        | Bought the ring of Asoug {Will- MP+9 Str+7 Int+3 Slay+3}
                  | for 564 gold pieces
  2588 | D        | Bought a +4 ring of protection for 360 gold pieces
  2798 | D        | Noticed a lindwurm
  2804 | D        | Killed a lindwurm
  2857 | D        | Killed a gargoyle
  3228 | D        | Demolished by a lorocyproca

Illustrated notes

Levels and vault maps discovered:
D:        dungeon_sprint_1 [red_sonja_temple_1, red_sonja_temple_small_1]

Skill      XL: |  1  2  3  4  5  6  7  8  9 10 |
---------------+-------------------------------+-----
Fighting       | 5 7 9 10 11 12 14 15 16 | 16.9
Long Blades    | 5 7 9 10 11 13 14 15 17 | 17.3
Armour         | 3 4 5 7 9 10 12 13 | 13.8
Dodging        | 3 4 5 6 7 8 10 | 10.4
Unarmed Combat | 1 2 3 |  3.7
Stealth        | 1 3 5 |  5.3

Action                   |  1- 3 |  4- 6 |  7- 9 | 10-12 || total
-------------------------+-------+-------+-------+-------++-------
Melee: Unarmed           |     5 |       |       |       ||     5
       Falchion          |     5 |    12 |    55 |    10 ||    82
       Headbutt          |     1 |     7 |    18 |     9 ||    35
       Scimitar          |       |       |     9 |    23 ||    32
       Punch             |       |       |     2 |       ||     2
       Triple sword      |       |       |       |    11 ||    11
       Great sword       |       |       |       |     2 ||     2
Invok: Berserk           |     2 |     3 |     5 |     7 ||    17
Armor: Ring mail         |       |     2 |     2 |       ||     4
       Troll leather arm |       |       |    21 |    11 ||    32
Dodge: Dodged            |     1 |     8 |    45 |    24 ||    78
       Rpst.: Falchion   |       |     2 |     6 |     4 ||    12
       Scimitar          |       |       |     1 |     2 ||     3
       Great sword       |       |       |       |     1 ||     1
       Triple sword      |       |       |       |     1 ||     1
